 Dungeon Crawl Stone Soup version 0.18.1-47-g9310371 (webtiles) character file.

458 Gargoyl the Covered (level 6, 0/48 HPs)
             Began as a Demonspawn Abyssal Knight on June 14, 2016.
             Was a Believer of Lugonu.
             Killed by a spatial distortion (4 damage)
             ... on level 3 of the Dungeon.
             The game lasted 00:05:36 (2646 turns).

Gargoyl the Covered (Demonspawn Abyssal Knight)     Turns: 2646, Time: 00:05:37

Health: 0/48       AC: 15    Str: 14      XL:     6   Next: 77%
Magic:  8/8        EV: 12    Int: 14      God:    Lugonu [**....]
Gold:   230        SH:  0    Dex: 15 (17) Spells: 0 memorised, 5 levels left

rFire  . . .     SeeInvis .     o - +0 war axe
rCold  . . .     Gourm    .     s - +0 chain mail
rNeg   . . .     Faith    .     (no shield)
rPois  .         Spirit   .     (helmet restricted)
rElec  .         Dismiss  .     i - +2 cloak {MR+}
rCorr  .         Reflect  .     (no gloves)
SustAt .         Harm     .     (no boots)
MR     +....                    (no amulet)
Stlth  ..........               (no ring)
                                (no ring)

@: agile, somewhat resistant to hostile enchantments, extremely unstealthy
A: horns 2, yellow scales 2, powered by death 1
a: Depart the Abyss, Bend Space, Renounce Religion


You were on level 3 of the Dungeon.
You worshipped Lugonu.
Lugonu was pleased with you.
You were not hungry.

You visited 1 branch of the dungeon, and saw 4 of its levels.
You visited the Abyss 1 time.

You collected 230 gold pieces.

Inventory:

Hand Weapons
 o - a +0 war axe (weapon)
Armour
 i - a +2 cloak of magic resistance (worn)
 s - a +0 chain mail (worn)
Scrolls
 b - 6 scrolls of identify {unknown}
 e - a scroll of random uselessness {unknown}
 h - 2 scrolls of teleportation {unknown}
 k - a scroll of fog {unknown}
 n - 2 scrolls of remove curse {unknown}
 r - a scroll of immolation {unknown}
Potions
 g - a potion of magic {unknown}
 j - a potion of flight {unknown}
 m - a potion of invisibility {unknown}
 q - a potion of cancellation {unknown}
Comestibles
 c - 2 bread rations
 p - a meat ration


   Skills:
 + Level 4.0 Fighting
 + Level 3.0 Axes
 * Level 4.8 Armour
 + Level 2.8 Dodging
 + Level 2.7 Invocations


You had 5 spell levels left.
You didn't know any spells.

Dungeon Overview and Level Annotations

Branches:
Dungeon (4/15)
 Temple: D:4-7

Altars:
Cheibriados
Zin

Annotations:
D:3 Eustachio
D:4 Dowan, Duvessa


Innate Abilities, Weirdness & Mutations

You have a pair of horns on your head.
You are mostly covered in yellow scales (AC +3).
You regenerate a little health from kills.


Message History

The white imp closely misses you. The river rat bites you.
* * * LOW HITPOINT WARNING * * *
The river rat bites you but does no damage.
The river rat bites you.
* * * LOW HITPOINT WARNING * * *
Eustachio hits you but does no damage. The quasit barely misses you.
The quasit claws you but does no damage. x2
Drink which item? (? for menu, Esc to quit)
It was a potion of agility.
You feel agile all of a sudden. The quokka bites you.
* * * LOW HITPOINT WARNING * * *
The quasit barely misses you.
The quasit claws you but does no damage. x2
The white imp hits you but does no damage.
The river rat bites you but does no damage. x3
Eustachio barely misses you.
Okay, then.
Space bends around you!
You blink.
You die...

..)).................#
###########'##+#####.#
....# #........# #.#
....# #........## #.#
....# #.........# #.#
....# ####......# #[#
....## #......# #.#
.....# #r@r...# #.#
.....# #r§5..@# #.#
.....# #.5r...# #.#
.....# #......###.#
.....# ##+#.......#
.....# #...#######
###### ##..# #[># ####


You could see Eustachio, a quasit, 3 river rats, a white imp and a quokka.

Vanquished Creatures
  Grinder (D:3)
  The ghost of StraightJacket the Charmwright, an amateur HESk of the Shining One (D:3)
  Terence (D:3)
  4 adders
  2 oozes (D:1)
  2 worms (D:2)
  A dart slug (D:3)
  2 giant geckos (D:3)
  5 orcs (D:3)
  3 giant cockroaches
  7 goblins
  7 hobgoblins
  7 jackals
  2 quokkas (D:2)
  4 bats
  3 giant newts
  2 kobolds (D:2)
  6 rats
60 creatures vanquished.

Notes
Turn   | Place    | Note
--------------------------------------------------------------
     0 | Abyss:1  | Gargoyl the Demonspawn Abyssal Knight began the quest for the Orb.
     0 | Abyss:1  | Reached XP level 1. HP: 18/18 MP: 2/2
    13 | Abyss:1  | Found an oddly glowing altar of Pakellas.
    62 | D:1      | Escaped the Abyss
   146 | D:1      | Reached skill level 1 in Dodging
   148 | D:1      | Reached * piety under Lugonu
   208 | D:1      | Gained mutation: You have a pair of small horns on your head. [demonic ancestry]
   208 | D:1      | Reached XP level 2. HP: 10/24 MP: 4/4
   810 | D:2      | Gained mutation: You have a pair of horns on your head. [demonic ancestry]
   810 | D:2      | Reached XP level 3. HP: 20/29 MP: 5/5
  1597 | D:2      | Reached ** piety under Lugonu
  1666 | D:2      | Found a glowing silver altar of Zin.
  1681 | D:3      | Noticed StraightJacket's ghost (amateur HESk)
  1683 | D:3      | Noticed Terence
  1704 | D:3      | Killed StraightJacket's ghost
  1704 | D:3      | Gained mutation: You are partially covered in yellow scales (AC +2). [demonic ancestry]
  1704 | D:3      | Reached XP level 4. HP: 16/37 MP: 6/6
  1704 | D:3      | Gained mutation: You regenerate a little health from kills. [demonic ancestry]
  1704 | D:3      | Reached XP level 5. HP: 18/42 MP: 7/7
  1842 | D:3      | Killed Terence
  1897 | D:3      | Noticed Grinder
  1927 | D:3      | Killed Grinder
  1927 | D:3      | Gained mutation: You are mostly covered in yellow scales (AC +3). [demonic ancestry]
  1927 | D:3      | Reached XP level 6. HP: 39/48 MP: 8/8
  2324 | D:3      | Found a snail-covered altar of Cheibriados.
  2608 | D:4      | Noticed an ice beast
  2608 | D:4      | Noticed Duvessa
  2608 | D:4      | Noticed Dowan
  2608 | D:4      | Noticed Eustachio
  2646 | D:3      | Killed by a spatial distortion

Skill      XL: |  1  2  3  4  5  6 |
---------------+-------------------+-----
Dodging        | 1 2 |  2.8
Armour         | 2 3 4 |  4.8
Axes           | 2 3 |  3.0
Fighting       | 4 |  4.0
Invocations    | |  2.7

Action                   |  1- 3 |  4- 6 || total
-------------------------+-------+-------++-------
Melee: Hand axe          |   112 |    98 ||   210
       Headbutt          |    18 |    21 ||    39
       War axe           |       |    21 ||    21
Invok: Depart the Abyss  |     1 |       ||     1
  Use: Potion            |       |     2 ||     2
  Eat: Chunk             |     3 |     3 ||     6
Armor: Ring mail         |    49 |    14 ||    63
       Scale mail        |       |    19 ||    19
       Chain mail        |       |    93 ||    93
Dodge: Dodged            |    71 |    61 ||   132
